| TOP OF THE 1ST |
|
Cleveland Indians batting - Pitching for Texas Rangers : RHP Matt Sigurdson
|
|
Pitching: RHP Matt Sigurdson
|
|
|
Batting: LHB Fernando Campos
|
0-0: Ball 1-0: Ball 2-0: Called Strike 2-1: Swinging Strike 2-2: Ball 3-2: Base on Balls
|
|
Batting: LHB Kyle Schaible
|
0-0: Foul Ball, location: 2F 0-1: Called Strike 0-2: Ball 1-2: Ball 2-2: SINGLE (Groundball, 4MD, EV 94.4 MPH) Fernando Campos to second
|
|
Batting: SHB Moe Lester
|
0-0: Ball 1-0: Foul Ball, location: 2F 1-1: Ground out 3-1 (Groundball, 34S, EV 86.3 MPH) Fernando Campos to third Kyle Schaible to second
|
|
Batting: SHB Merrick Geter
|
0-0: Ball 1-0: Ball 2-0: Fly out, F2 (Popup, 5SF, EV 75.6 MPH)
|
|
Batting: LHB Arvin Dungca
|
0-0: Called Strike 0-1: Foul Ball, location: 2F 0-2: Ball 1-2: Strikes out swinging
|
| Top of the 1st over - 0 runs, 1 hit, 0 errors, 2 left on base; Cleveland 0 - Texas 0 |
| BOTTOM OF THE 1ST |
|
Texas Rangers batting - Pitching for Cleveland Indians : RHP Devon Blakeney
|
|
Pitching: RHP Devon Blakeney
|
|
|
Batting: LHB Da Vo
|
0-0: SINGLE (Groundball, 34D, EV 108.1 MPH)
|
|
Batting: RHB David Casas
|
0-0: Called Strike 0-1: Ball 1-1: Called Strike 1-2: Ball 2-2: Foul Ball, location: 2F 2-2: Ball 3-2: Base on Balls Da Vo to second
|
|
Batting: SHB Jun Tsuda
|
0-0: Ball 1-0: Ball 2-0: Fly out, F9 (Flyball, 9D, EV 83.1 MPH) Runner from 2nd tags up, SAFE at 3rd, no throw by RF
|
|
Batting: SHB John Giesbrecht
|
0-0: Ball 1-0: SINGLE (Flyball, 7LS, EV 101.9 MPH) Da Vo scores David Casas to second
|
|
Batting: LHB Cody Schumacher
|
0-0: Ball 1-0: SINGLE (Groundball, 34D, EV 96.9 MPH) David Casas to third John Giesbrecht to second Runner from 3rd tries for Home, SAFE, throw by RF to home
|
|
Batting: RHB Rich Stinson
|
0-0: Foul Ball, location: 2F 0-1: Foul Ball, location: 2F 0-2: Grounds into double play, 1-4-3 (Groundball, 15S, EV 70.0 MPH)
|
| Bottom of the 1st over - 2 runs, 3 hits, 0 errors, 1 left on base; Cleveland 0 - Texas 2 |
| TOP OF THE 2ND |
|
Cleveland Indians batting - Pitching for Texas Rangers : RHP Matt Sigurdson
|
|
Batting: RHB Paul Word
|
0-0: Called Strike 0-1: Ball 1-1: Ball 2-1: Ground out 5-3 (Groundball, 56S, EV 87.5 MPH)
|
|
Batting: LHB Hector Pedroso
|
0-0: Ball 1-0: Called Strike 1-1: Ball 2-1: Ball 3-1: Foul Ball, location: 2F 3-2: Foul Ball, location: 2F 3-2: Ground out U3 (Groundball, 3, EV 85.6 MPH)
|
|
Batting: SHB Dan Hill
|
0-0: Reached on error, E3 (Groundball, 3L, EV 106.9 MPH)
|
|
Batting: RHB C.J. Sagle
|
0-0: Foul Ball, location: 2F 0-1: Swinging Strike 0-2: Foul Ball, location: 2F 0-2: Ground out 5-3 (Groundball, 5D, EV 104.4 MPH)
|
| Top of the 2nd over - 0 runs, 0 hits, 1 error, 1 left on base; Cleveland 0 - Texas 2 |
| BOTTOM OF THE 2ND |
|
Texas Rangers batting - Pitching for Cleveland Indians : RHP Devon Blakeney
|
|
Batting: RHB Bert Clark
|
0-0: Ground out U3 (Groundball, 34D, EV 96.9 MPH)
|
|
Batting: RHB Edwin Madrid
|
0-0: Called Strike 0-1: Ball 1-1: Ball 2-1: Called Strike 2-2: Ground out 5-3 (Groundball, 56S, EV 66.9 MPH)
|
|
Batting: RHB Alex Sandoval
|
0-0: Called Strike 0-1: Ball 1-1: Ball 2-1: Called Strike 2-2: Ball 3-2: Ground out 5-3 (Groundball, 56S, EV 89.4 MPH)
|
| Bottom of the 2nd over - 0 runs, 0 hits, 0 errors, 0 left on base; Cleveland 0 - Texas 2 |
| TOP OF THE 3RD |
|
Cleveland Indians batting - Pitching for Texas Rangers : RHP Matt Sigurdson
|
|
Batting: LHB Fernando Campos
|
0-0: Ball 1-0: Foul Ball, location: 2F 1-1: Ball 2-1: SOLO HOME RUN (Flyball, 9LD, EV 91.9 MPH), Distance : 352 ft
|
|
Batting: LHB Kyle Schaible
|
0-0: Ball 1-0: Foul Ball, location: 2F 1-1: Ball 2-1: Ball 3-1: Called Strike 3-2: Foul Ball, location: 2F 3-2: Base on Balls
|
|
Batting: SHB Moe Lester
|
Pickoff Throw to First - Out! 1-3 0-0: Ball 1-0: Ball 2-0: SOLO HOME RUN (Line Drive, 89XD, EV 98.1 MPH), Distance : 391 ft
|
|
Batting: SHB Merrick Geter
|
0-0: Ball 1-0: Ball 2-0: Ball 3-0: Base on Balls
|
|
Batting: LHB Arvin Dungca
|
0-0: Ball 1-0: Called Strike 1-1: Ball 2-1: Foul Ball, location: 2F 2-2: Strikes out looking
|
|
Batting: RHB Paul Word
|
0-0: Called Strike 0-1: Ground out 4-3 (Groundball, 4, EV 102.5 MPH)
|
| Top of the 3rd over - 2 runs, 2 hits, 0 errors, 1 left on base; Cleveland 2 - Texas 2 |
| BOTTOM OF THE 3RD |
|
Texas Rangers batting - Pitching for Cleveland Indians : RHP Devon Blakeney
|
|
Batting: LHB Da Vo
|
0-0: SINGLE (Groundball, 6D, EV 109.4 MPH)
|
|
Batting: RHB David Casas
|
0-0: Grounds into double play, 4-6-3 (Groundball, 34, EV 91.9 MPH)
|
|
Batting: SHB Jun Tsuda
|
0-0: Called Strike 0-1: Ball 1-1: Ball 2-1: Ball 3-1: Foul Ball, location: 2F 3-2: Ground out U3 (Groundball, 3, EV 92.5 MPH)
|
| Bottom of the 3rd over - 0 runs, 1 hit, 0 errors, 0 left on base; Cleveland 2 - Texas 2 |
| TOP OF THE 4TH |
|
Cleveland Indians batting - Pitching for Texas Rangers : RHP Matt Sigurdson
|
|
Batting: LHB Hector Pedroso
|
0-0: Called Strike 0-1: Swinging Strike 0-2: Ball 1-2: Strikes out swinging
|
|
Batting: SHB Dan Hill
|
0-0: Foul Ball, location: 2F 0-1: Ball 1-1: Called Strike 1-2: Strikes out swinging
|
|
Batting: RHB C.J. Sagle
|
0-0: Ball 1-0: Ball 2-0: Called Strike 2-1: Foul Ball, location: 2F 2-2: Strikes out swinging
|
| Top of the 4th over - 0 runs, 0 hits, 0 errors, 0 left on base; Cleveland 2 - Texas 2 |
| BOTTOM OF THE 4TH |
|
Texas Rangers batting - Pitching for Cleveland Indians : RHP Devon Blakeney
|
|
Batting: SHB John Giesbrecht
|
0-0: Ball 1-0: Called Strike 1-1: Ball 2-1: Fly out, F9 (Flyball, 9, EV 91.3 MPH)
|
|
Batting: LHB Cody Schumacher
|
0-0: Foul Ball, location: 2F 0-1: Swinging Strike 0-2: Strikes out looking
|
|
Batting: RHB Rich Stinson
|
0-0: Swinging Strike 0-1: Called Strike 0-2: Foul Ball, location: 2F 0-2: Ball 1-2: Ball 2-2: Foul Ball, location: 2F 2-2: SINGLE (Flyball, 78M, EV 92.5 MPH)
|
|
Batting: RHB Bert Clark
|
0-0: Ball 1-0: Fly out, F7 (Flyball, 7S, EV 81.9 MPH)
|
| Bottom of the 4th over - 0 runs, 1 hit, 0 errors, 1 left on base; Cleveland 2 - Texas 2 |
| TOP OF THE 5TH |
|
Cleveland Indians batting - Pitching for Texas Rangers : RHP Matt Sigurdson
|
|
Batting: LHB Fernando Campos
|
0-0: Ball 1-0: Foul Ball, location: 2F 1-1: Ball 2-1: Ball 3-1: SINGLE (Groundball, 34D, EV 102.5 MPH)
|
|
Batting: LHB Kyle Schaible
|
0-0: Ball 1-0: Called Strike 1-1: Ball 2-1: Grounds into double play, 4-6-3 (Groundball, 4M, EV 106.9 MPH)
|
|
Batting: SHB Moe Lester
|
0-0: Ball 1-0: Called Strike 1-1: Ball 2-1: Ground out U3 (Groundball, 3, EV 95.0 MPH)
|
| Top of the 5th over - 0 runs, 1 hit, 0 errors, 0 left on base; Cleveland 2 - Texas 2 |
| BOTTOM OF THE 5TH |
|
Texas Rangers batting - Pitching for Cleveland Indians : RHP Devon Blakeney
|
|
Batting: RHB Edwin Madrid
|
0-0: Called Strike 0-1: Ball 1-1: Ball 2-1: SOLO HOME RUN (Flyball, 7LD, EV 93.8 MPH), Distance : 351 ft
|
|
Batting: RHB Alex Sandoval
|
0-0: Called Strike 0-1: Foul Ball, location: 2F 0-2: Ball 1-2: Ball 2-2: Foul Ball, location: 2F 2-2: Strikes out swinging
|
|
Batting: LHB Da Vo
|
0-0: Ball 1-0: Called Strike 1-1: Ground out U3 (Groundball, 3, EV 87.5 MPH)
|
|
Batting: RHB David Casas
|
0-0: Ball 1-0: Foul Ball, location: 2F 1-1: Ball 2-1: Ball 3-1: Fly out, F8 (Line Drive, 8RM, EV 91.3 MPH)
|
| Bottom of the 5th over - 1 run, 1 hit, 0 errors, 0 left on base; Cleveland 2 - Texas 3 |
| TOP OF THE 6TH |
|
Cleveland Indians batting - Pitching for Texas Rangers : RHP Matt Sigurdson
|
|
Batting: SHB Merrick Geter
|
0-0: Called Strike 0-1: Foul Ball, location: 2F 0-2: Strikes out swinging
|
|
Batting: LHB Arvin Dungca
|
0-0: Ball 1-0: Foul Ball, location: 2F 1-1: Foul Ball, location: 2F 1-2: Ground out U3 (Groundball, 3S, EV 65.0 MPH)
|
|
Batting: RHB Paul Word
|
0-0: Ball 1-0: Ground out 6-3 (Groundball, 6, EV 102.5 MPH)
|
| Top of the 6th over - 0 runs, 0 hits, 0 errors, 0 left on base; Cleveland 2 - Texas 3 |
| BOTTOM OF THE 6TH |
|
Texas Rangers batting - Pitching for Cleveland Indians : RHP Devon Blakeney
|
|
Batting: SHB Jun Tsuda
|
0-0: Called Strike 0-1: SINGLE (Line Drive, 56D, EV 109.4 MPH)
|
|
Batting: SHB John Giesbrecht
|
0-0: Ball 1-0: Foul Ball, location: 2F 1-1: Ball 2-1: SINGLE (Groundball, 5S, EV 66.9 MPH) (infield hit) Jun Tsuda to second
|
|
Batting: LHB Cody Schumacher
|
0-0: Foul Ball, location: 2F 0-1: Ball 1-1: Foul Ball, location: 2F 1-2: Ball 2-2: Ball 3-2: Fly out, F9 (Line Drive, 9, EV 86.3 MPH)
|
|
Batting: RHB Rich Stinson
|
0-0: Ball 1-0: Ball 2-0: Ball 3-0: Called Strike 3-1: Called Strike 3-2: DOUBLE (Line Drive, 9LS, EV 103.1 MPH) Jun Tsuda scores John Giesbrecht to third
|
|
Batting: RHB Bert Clark
|
0-0: Ball 1-0: Ball 2-0: Ball 3-0: Ground out 4-3 (Groundball, 4, EV 82.5 MPH) John Giesbrecht scores Rich Stinson to third
|
|
Pitching: RHP Jay Woodall
|
|
|
Batting: RHB Edwin Madrid
|
0-0: Ball 1-0: Ground out 6-3 (Groundball, 6, EV 84.4 MPH)
|
| Bottom of the 6th over - 2 runs, 3 hits, 0 errors, 1 left on base; Cleveland 2 - Texas 5 |
| TOP OF THE 7TH |
|
Cleveland Indians batting - Pitching for Texas Rangers : RHP Matt Sigurdson
|
|
Now in LF: Zhao-ji Chi
|
|
|
Batting: LHB Hector Pedroso
|
0-0: Ground out 3-1 (Groundball, 34S, EV 90.0 MPH)
|
|
Batting: SHB Dan Hill
|
0-0: Called Strike 0-1: Called Strike 0-2: Foul Ball, location: 2F 0-2: Ball 1-2: Strikes out swinging
|
|
Pitching: RHP John Bialon
|
|
|
Batting: RHB C.J. Sagle
|
0-0: Called Strike 0-1: Ball 1-1: Called Strike 1-2: Strikes out looking
|
| Top of the 7th over - 0 runs, 0 hits, 0 errors, 0 left on base; Cleveland 2 - Texas 5 |
| BOTTOM OF THE 7TH |
|
Texas Rangers batting - Pitching for Cleveland Indians : RHP Jay Woodall
|
|
Batting: RHB Alex Sandoval
|
0-0: Called Strike 0-1: Called Strike 0-2: Strikes out looking
|
|
Batting: LHB Da Vo
|
0-0: Called Strike 0-1: Called Strike 0-2: Ball 1-2: Ball 2-2: Strikes out looking
|
|
Batting: RHB David Casas
|
0-0: Ground out U3 (Groundball, 34S, EV 78.8 MPH)
|
| Bottom of the 7th over - 0 runs, 0 hits, 0 errors, 0 left on base; Cleveland 2 - Texas 5 |
| TOP OF THE 8TH |
|
Cleveland Indians batting - Pitching for Texas Rangers : RHP John Bialon
|
|
Now at 1B: Johan de Vries
|
|
|
Batting: LHB Fernando Campos
|
0-0: Foul Ball, location: 2F 0-1: Called Strike 0-2: Strikes out looking
|
|
Batting: LHB Kyle Schaible
|
0-0: Ball 1-0: SINGLE (Groundball, 34D, EV 99.4 MPH)
|
|
Batting: SHB Moe Lester
|
0-0: Ball 1-0: Called Strike 1-1: Foul Ball, location: 2F 1-2: Fly out, F5 (Popup, 5SF, EV 78.1 MPH)
|
|
Batting: SHB Merrick Geter
|
0-0: Ball 1-0: Ball 2-0: Foul Ball, location: 2F 2-1: Foul Ball, location: 2F 2-2: Strikes out swinging
|
| Top of the 8th over - 0 runs, 1 hit, 0 errors, 1 left on base; Cleveland 2 - Texas 5 |
| BOTTOM OF THE 8TH |
|
Texas Rangers batting - Pitching for Cleveland Indians : RHP Jay Woodall
|
|
Batting: SHB Jun Tsuda
|
0-0: Ball 1-0: Foul Ball, location: 2F 1-1: Ball 2-1: Swinging Strike 2-2: Foul Ball, location: 2F 2-2: Ball 3-2: Fly out, F7 (Flyball, 7LD, EV 93.8 MPH)
|
|
Batting: SHB John Giesbrecht
|
0-0: Called Strike 0-1: Swinging Strike 0-2: SINGLE (Line Drive, 6D, EV 108.1 MPH)
|
|
Batting: LHB Cody Schumacher
|
0-0: Called Strike 0-1: Foul Ball, location: 2F 0-2: Fielders Choice at 2nd, 1-6 (Groundball, 13, EV 70.6 MPH)
|
|
Batting: RHB Rich Stinson
|
0-0: DOUBLE (Flyball, 89D, EV 100.6 MPH) Cody Schumacher to third
|
|
Batting: RHB Zhao-ji Chi
|
0-0: SINGLE (Line Drive, 7LS, EV 106.3 MPH) Cody Schumacher scores Rich Stinson to third Runner from 3rd tries for Home, SAFE, throw by LF to home Zhao-ji Chi to second
|
|
Batting: RHB Edwin Madrid
|
0-0: Called Strike 0-1: Foul Ball, location: 2F 0-2: Ball 1-2: Foul Ball, location: 2F 1-2: SINGLE (Groundball, 34D, EV 105.0 MPH) Zhao-ji Chi to third Runner from 3rd tries for Home, SAFE, throw by RF to home
|
|
Pitching: RHP Willie Encinas
|
|
|
Batting: RHB Alex Sandoval
|
0-0: Ball 1-0: Swinging Strike 1-1: Ball 2-1: Ball 3-1: Fielders Choice at 2nd, 5-4 (Groundball, 5L, EV 102.5 MPH)
|
| Bottom of the 8th over - 3 runs, 4 hits, 0 errors, 1 left on base; Cleveland 2 - Texas 8 |
| TOP OF THE 9TH |
|
Cleveland Indians batting - Pitching for Texas Rangers : RHP John Bialon
|
|
Batting: LHB Arvin Dungca
|
0-0: Foul Ball, location: 2F 0-1: Foul Ball, location: 2F 0-2: Ball 1-2: Strikes out swinging
|
|
Batting: RHB Paul Word
|
0-0: Ground out 5-3 (Groundball, 56, EV 100.0 MPH)
|
|
Batting: LHB Hector Pedroso
|
0-0: Ball 1-0: Ground out 5-3 (Groundball, 5, EV 84.4 MPH)
|
| Top of the 9th over - 0 runs, 0 hits, 0 errors, 0 left on base; Cleveland 2 - Texas 8 |
|